 Dungeon Crawl Stone Soup version 0.32-a0-136-gc02482bde3 (webtiles) character file.

Game seed: 341401395048539490

4003931 Khashishi the Slayer (level 27, 171/171 HPs)
             Began as a Vine Stalker Brigand on Feb 8, 2024.
             Was the Champion of Dithmenos.
             Escaped with the Orb
             ... and 4 runes
             ... and 8 gems on Feb 11, 2024!
             The game lasted 07:18:09 (42962 turns).

Khashishi the Slayer (Vine Stalker Brigand)        Turns: 42962, Time: 07:18:10

Health: 171/171    AC: 22    Str: 22    XL:     27
Magic:  42/42      EV: 37    Int:  5    God:    Dithmenos [******]
Gold:   4791       SH:  2    Dex: 30    Spells: 20/32 levels left

rFire   + + .        b - +5 triple sword "Spiderbane" {flame, rElec rC++ Int-5 Stlth+}
rCold   + + .        (shield currently unavailable)
rNeg    . . .        A - +5 robe of Night {Dark Will+ SInv}
rPois   +            e - +0 hat of the Skies Above {rF+ Will+ Str+2}
rElec   +            v - +2 cloak
rCorr   .            s - +2 pair of gloves {Dex+3}
SInv    +            y - +2 pair of boots
Will    +++++        h - amulet of regeneration
Stlth   ++++++       J - ring "Ytyudyhi" {rPois rF+ Will+}
HPRegen 2.08/turn    N - ring of the Octopus King {HP+2 MP+9 AC+2 EV+2 SH+2}
MPRegen 0.28/turn

%: guardian spirit
@: wreathed by umbra, studying Maces & Flails
A: fangs 3, regeneration 1, magic shield, antimagic bite, no potion heal 2,
hooves 1, iridescent scales 1, strong 1, inability to read after injury 1,
persistent drain
0: Orb of Zot
}: 4/15 runes: decaying, serpentine, silver, abyssal
a: Renounce Religion, Shadow Step, Shadow Form


You escaped.
You worshipped Dithmenos.
Dithmenos was exalted by your worship.
You visited 10 branches of the dungeon, and saw 48 of its levels.
You visited the Abyss 2 times.
You visited 1 bazaar.
You also visited: Gauntlet.

You collected 7870 gold pieces.
You spent 3079 gold pieces at shops.

Inventory:

Hand Weapons
 a - the +10 rapier "Idajuope" {freeze, Will+ Str+4}
   (You found it on level 10 of the Dungeon)

   Str+4:     It affects your strength (+4).
   Will+:     It increases your willpower.
 b - the +5 triple sword "Spiderbane" (weapon) {flame, rElec rC++ Int-5 Stlth+}
   (You bought it in a shop on level 11 of the Dungeon)

   Int-5:     It affects your intelligence (-5).
   rC++:      It greatly protects you from cold.
   rElec:     It insulates you from electricity.
   Stlth+:    It makes you more stealthy.
 c - the +7 great sword of Dim Light {holy, Int+3}
   (You found it in a Gauntlet)

   Int+3:     It affects your intelligence (+3).
Missiles
 O - a throwing net
 S - 10 silver javelins
 U - a curare-tipped dart (quivered)
Armour
 e - the +0 hat of the Skies Above (worn) {rF+ Will+ Str+2}
   (You found it in a Gauntlet)

   Str+2:     It affects your strength (+2).
   rF+:       It protects you from fire.
   Will+:     It increases your willpower.
 s - a +2 pair of gloves of dexterity (worn)
 v - a +2 cloak (worn)
 y - a +2 pair of boots (worn)
 A - the +5 robe of Night (worn) {Dark Will+ SInv}
   (You took it off a deep elf elementalist on level 3 of the Elven Halls)

   Dark:      It shrouds the wearer in darkness, reducing the range at which
   they can see and be seen by others.
   Will+:     It increases your willpower.
   SInv:      It lets you see invisible.
Jewellery
 h - an amulet of regeneration (around neck)
 j - the ring "Xaostonyrph" {*Slow rPois AC+4 Int-3 Dex+6}
   (You took it off a deep elf demonologist on level 3 of the Elven Halls)

   [ring of protection]

   AC+4:      It affects your AC (+4).
   Int-3:     It affects your intelligence (-3).
   Dex+6:     It affects your dexterity (+6).
   rPois:     It protects you from poison *Slow: It may slow you when you take
   damage.
 m - a ring of flight
 G - a ring of positive energy
 J - the ring "Ytyudyhi" (left hand) {rPois rF+ Will+}
   (You found it on level 3 of the Depths)

   [ring of poison resistance]

   rF+:       It protects you from fire.
   rPois:     It protects you from poison Will+: It increases your willpower.
 N - a ring of the Octopus King (right hand) {HP+2 MP+9 AC+2 EV+2 SH+2}
   (You bought it in a shop on level 11 of the Dungeon)

   [ring of magical power]

   AC+2:      It affects your AC (+2).
   EV+2:      It affects your evasion (+2).
   HP+2:      It affects your health (+2).
   MP+9:      It affects your magic capacity (+9).
   SH+2:      It affects your SH (+2).
 R - a ring of protection from cold
 T - a ring of see invisible
Wands
 o - a wand of digging (15)
 u - a wand of iceblast (38)
 C - a wand of light (35)
Scrolls
 f - 4 scrolls of revelation
 g - a scroll of enchant armour
 i - 22 scrolls of teleportation
 k - 3 scrolls of blinking
 r - 7 scrolls of fear
 x - 4 scrolls of vulnerability
 B - 2 scrolls of silence
 L - a scroll of poison
 M - 11 scrolls of fog
 Q - 2 scrolls of immolation
 W - 2 scrolls of enchant weapon
Potions
 l - 17 potions of curing
 p - 6 potions of might
 q - 4 potions of haste
 w - 3 potions of berserk rage
 z - 11 potions of brilliance
 D - 3 potions of enlightenment
 F - 2 potions of cancellation
 H - 3 potions of attraction
 I - 3 potions of magic
 K - 2 potions of mutation
 V - 2 potions of lignification
Miscellaneous
 n - a phial of floods
 t - a box of beasts
 E - a condenser vane (inert)
 P - a phantom mirror
 X - a lightning rod (2/4)


   Skills:
 + Level 25.5 Fighting
 - Level 3.1(17.1) Short Blades
 + Level 25.2(25.3) Long Blades
 - Level 5.0 Throwing
 - Level 9.1 Armour
 + Level 19.7 Dodging
 - Level 18.0 Stealth
 - Level 3.0 Spellcasting
 - Level 6.0 Translocations
 - Level 13.0 Invocations


You had 20 spell levels left.
You knew the following spells:

 Your Spells              Type           Power      Damage    Failure   Level
a - Lesser Beckoning      Tloc           12%        N/A       4%          2
b - Blink                 Tloc           12%        N/A       4%          2
c - Manifold Assault      Tloc           6%         N/A       32%         4
d - Passage of Golubria   Tloc           6%         N/A       32%         4

Your spell library contained the following spells:

 Spells                   Type           Power      Damage    Failure   Level
 Gell's Gravitas          Tloc           6%         N/A       10%         3
 Teleport Other           Tloc           6%         N/A       10%         3
 Momentum Strike          Conj/Tloc      6%         3d8       17%         2
 Volatile Blastmotes      Fire/Tloc      6%         2d10      34%         3
 Kiss of Death            Conj/Necr      0%         2d5       36%         1
 Magic Dart               Conj           0%         1d3       36%         1
 Sandblast                Erth           0%         2d4       36%         1
 Slow                     Hex            0%         N/A       36%         1
 Summon Small Mammal      Summ           0%         N/A       36%         1
 Call Imp                 Summ           0%         N/A       52%         2
 Cigotuvi's Dreadful Rot  Necr/Alch/Air  0%         N/A       52%         2
 Ensorcelled Hibernation  Hex/Ice        0%         N/A       52%         2
 Scorch                   Fire           0%         2d5       52%         2
 Searing Ray              Conj           0%         2d4       52%         2
 Static Discharge         Conj/Air       0%         3-3/arc   52%         2
 Sublimation of Blood     Necr           0%         N/A       52%         2
 Call Canine Familiar     Summ           0%         N/A       75%         3
 Confusing Touch          Hex            0%         N/A       75%         3
 Dazzling Flash           Conj/Hex       0%         N/A       75%         3
 Fugue of the Fallen      Necr           0%         N/A       75%         3
 Inner Flame              Hex/Fire       0%         N/A       75%         3
 Mephitic Cloud           Conj/Alch/Air  0%         N/A       75%         3
 Passwall                 Erth           0%         N/A       75%         3
 Sigil of Binding         Hex            0%         N/A       75%         3
 Stone Arrow              Conj/Erth      0%         3d7       75%         3
 Tukima's Dance           Hex            0%         N/A       75%         3
 Vampiric Draining        Necr           0%         2d6       75%         3
 Dimensional Bullseye     Hex/Tloc       1%         N/A       75%         4
 Iskenderun's Mystic Bla  Conj/Tloc      3%         2d3       75%         4
 Vhi's Electric Charge    Tloc/Air       6%         N/A       75%         4
 Summon Forest            Summ/Tloc      1%         N/A       97%         5
 Airstrike                Air            0%         2d(0-16)  98%         4
 Anguish                  Hex/Necr       0%         N/A       98%         4
 Animate Armour           Summ/Erth      0%         N/A       98%         4
 Animate Dead             Necr           0%         N/A       98%         4
 Brom's Barrelling Bould  Conj/Erth      0%         2d3       98%         4
 Cause Fear               Hex            0%         N/A       98%         4
 Dispel Undead            Necr           0%         3d6       98%         4
 Flame Wave               Conj/Fire      0%         2d4       98%         4
 Fulminant Prism          Conj/Alch      0%         3d5       98%         4
 Ignite Poison            Fire/Alch      0%         N/A       98%         4
 Petrify                  Alch/Erth      0%         N/A       98%         4
 Sticky Flame             Fire/Alch      0%         2d4       98%         4
 Summon Blazeheart Golem  Fire/Summ      0%         N/A       98%         4
 Summon Lightning Spire   Summ/Air       0%         N/A       98%         4
 Dispersal                Tloc           3%         N/A       99%         6
 Alistair's Intoxication  Alch           0%         N/A       100%        5
 Arcjolt                  Conj/Air       0%         1d10      100%        5
 Borgnjor's Vile Clutch   Necr/Erth      0%         N/A       100%        5
 Curse of Agony           Necr           0%         N/A       100%        5
 Fireball                 Conj/Fire      0%         3d3       100%        5
 Freezing Cloud           Conj/Ice/Air   0%         6-21      100%        5
 Irradiate                Conj/Alch      0%         3d11      100%        5
 Iskenderun's Battlesphe  Conj           0%         2d6       100%        5
 Lee's Rapid Deconstruct  Erth           0%         3d4*      100%        5
 Silence                  Hex/Air        0%         N/A       100%        5
 Bombard                  Conj/Erth      0%         9d1       100%        6
 Conjure Ball Lightning   Conj/Air       0%         3x3d6     100%        6
 Death Channel            Necr           0%         N/A       100%        6
 Eringya's Noxious Bog    Alch           0%         4d6       100%        6
 Plasma Beam              Fire/Air       0%         2x1d10    100%        6
 Sculpt Simulacrum        Ice/Alch       0%         N/A       100%        6
 Starburst                Conj/Fire      0%         6d3       100%        6
 Summon Cactus Giant      Summ           0%         N/A       100%        6
 Haunt                    Necr/Summ      0%         N/A       100%        7
 Malign Gateway           Summ/Tloc      1%         N/A       100%        7
 Monstrous Menagerie      Summ           0%         N/A       100%        7
 Ozocubu's Refrigeration  Ice            0%         4d7       100%        7
 Spellforged Servitor     Conj/Summ      0%         N/A       100%        7
 Summon Hydra             Summ           0%         N/A       100%        7
 Disjunction              Tloc           3%         N/A       100%        8
 Ignition                 Fire           0%         3d3       100%        8
 Infestation              Necr           0%         N/A       100%        8
 Lehudib's Crystal Spear  Conj/Erth      0%         10d2      100%        8
 Maxwell's Capacitive Co  Air            0%         ∞         100%        8
 Summon Horrible Things   Summ           0%         N/A       100%        8
 Chain Lightning          Conj/Air       0%         N/A       100%        9
 Dragon's Call            Summ           0%         N/A       100%        9
 Fire Storm               Conj/Fire      0%         5d1       100%        9
 Polar Vortex             Ice            0%         N/A       100%        9
 Shatter                  Erth           0%         3d5*      100%        9


Dungeon Overview and Level Annotations

Branches:
Dungeon (15/15)            Temple (1/1) D:4            Lair (5/5) D:11
  Swamp (4/4) Lair:3        Snake (4/4) Lair:2        Slime (0/5) Lair:4
    Orc (2/2) D:12            Elf (3/3) Orc:2        Vaults (5/5) D:14
  Crypt (0/3) Vaults:2     Depths (4/4) D:15            Zot (5/5) Depths:4
Gauntlet (visited)

Altars:
Ashenzari
Cheibriados
Dithmenos
Elyvilon
Fedhas
Gozag
Hepliaklqana
Kikubaaqudgha
Makhleb
Nemelex Xobeh
Okawaru
Qazlal
Ru
Sif Muna
Trog
Uskayaw
Vehumet
Wu Jian
Xom
Yredelemnul
Zin
The Shining One
Lugonu

Shops:
D:1 (   D:10 *:   D:11 **   D:12 (   Orc:1 ?   Orc:2 ?[(:   Swamp:3 *
Snake:2 [   Vaults:5 (

Portals:
Hell: Depths:1 Depths:2 Depths:3 Depths:4
Abyss: Depths:3 Depths:4
Pandemonium: Depths:2
Ziggurat: Depths:3
Trove: Elf:3 (give 2 scrolls of acquirement)

Annotations:
D:4 3 runed translucent doors, cforsyth's ghost, novice DjWr


Innate Abilities, Weirdness & Mutations

You have razor-sharp teeth.
Your natural rate of healing is unusually fast.
When hurt, damage is shared between your health and your magic reserves.
Your bite disrupts and absorbs the magic of your enemies.
Potions cannot restore your health.
You have large cloven feet.
You are partially covered in iridescent scales. (AC +2)
Your muscles are strong. (Str +4, Int/Dex -1)
You occasionally lose the ability to read scrolls when taking damage.
Your health recovers twice as slowly from being drained.


Message History

There is a stone staircase leading up here.
You climb upwards.
There is a stone staircase leading down here.
There is a stone staircase leading up here.
You climb upwards.
There is a stone staircase leading down, spattered with blood here.
There is a stone staircase leading up here.
You climb upwards.
There is a stone staircase leading down here.
An Orb Guardian comes into view.
Okay, then.
The Orb Guardian misses you.
You open the Orb Guardian like a pillowcase!!!
You burn the Orb Guardian!
You kill the Orb Guardian!
Dithmenos accepts your kill.
A rust devil comes into view.
The rust devil moves out of view.
Aiming: Dig
Press: ? - help, Shift-Dir - straight line A rock wall.
This square is wreathed by an umbra and is covered in magical glow.
The rock shatters into small pieces.
A lorocyproca comes into view.
The lorocyproca barely misses you.
You slice the lorocyproca like a ripe choko!!!
You burn the lorocyproca. You bite the lorocyproca!! You drain its power.
The lorocyproca is severely wounded.
You barely miss the lorocyproca. You bite the lorocyproca! You drain its power.
The lorocyproca is almost dead.
The lorocyproca completely misses you.
You closely miss the lorocyproca. You bite the lorocyproca.
You kill the lorocyproca!
Dithmenos accepts your kill.
Aiming: Dig
Press: ? - help, Shift-Dir - straight line This square is wreathed by an umbra and is covered in magical glow.
The rock shatters into small pieces.
There is a staircase leading out of the dungeon here.
You have escaped!

..>..# ###....### #.......
.....###........## #.......
.....##....##....## #..)....
..)..#............# ###.####
.))..#..^.........#########.#####
##÷#......####.....#.............
...#....### ###...#.......######
##.####.# ##..........# ###. #.#
#..### ##@..#.......###... #.#
#....####.....#.......##..#. #.#
#............##.......##.##. #.#
#............##.......#..#)# #.#
##....##....###.......#....# #.#
##........## #.......#..... #.#
####....### #.......#..... #.#
#..###### #.......#.....
#.####..#### #.#######.....


There were no monsters in sight!

Vanquished Creatures
  4 dread liches
  3 ancient liches
  5 orbs of fire
  The ghost of Eugor the Archmage, a master DECj of Vehumet (Zot:1)
  Mennas (Vaults:4)
  2 juggernauts
  Vashnia (Snake:2)
  11 Killer Klowns
  Saint Roka (Orc:2)
  A caustic shrike (Depths:1)
  The ghost of Vojop the Master Archer, a veteran DEHs of Fedhas (Depths:1)
  Nikola (Elf:1)
  Norris (Vaults:3)
  10 golden dragons
  A hellephant (Depths:1)
  A Brimstone Fiend (Depths:3)
  17 tentacled monstrosities
  3 electric golems
  Jorgrun (Elf:1)
  Zenata (Vaults:3)
  7 liches
  4 titans
  A walking earthen tome (Depths:1)
  5 deep elf blademasters
  2 walking frostbound tomes
  27 Orb Guardians
  A walking divine tome (Depths:1)
  A walking crystal tome (Depths:3)
  10 quicksilver dragons
  2 deep elf master archers (Elf:3)
  6 death cobs
  The ghost of Jeulolik the Executioner, an adept MiCK of Xom (Snake:2)
  9 sphinxes
  An ancient champion (Vaults:2)
  A thorn hunter (Swamp:4)
  5 tengu reavers
  Aizul (Snake:1)
  5 tentacled starspawn
  The ghost of grandjackal the Warrior, an adept DsGl of Dithmenos (Elf:1)
  13 storm dragons
  12 shadow dragons
  6 draconian monks
  6 nagarajas (Snake:4)
  3 draconian knights
  7 protean progenitors
  A ghost moth (Zot:4)
  5 fire giants
  6 deep elf sorcerers (Elf:3)
  3 orc warlords (Vaults:4)
  8 frost giants
  4 draconian shifters
  2 balrugs
  2 iron dragons (Vaults:5)
  A draconian stormcaller (Zot:2)
  3 draconian scorchers
  18 vault wardens
  6 deep elf elementalists
  An angel (Abyss:3)
  7 draconian annihilators
  15 ironbound preservers
  A formless jellyfish (Vaults:2)
  2 spriggan defenders
  2 quicksilver oozes (Vaults:2)
  6 deep elf death magi
  12 stone giants
  21 very ugly things
  Nessos (D:15)
  5 ironbound thunderhulks
  4 vampire knights
  6 deep elf demonologists
  6 eleionomae
  2 lorocyprocas
  2 bunyips (Swamp:3)
  7 black draconians
  8 spark wasps
  6 yellow draconians
  9 deep elf annihilators
  11 purple draconians
  13 green draconians
  12 white draconians
  10 dire elephants
  5 red draconians
  2 war gargoyles
  A minotaur (Gauntlet)
  2 green deaths (Swamp:4)
  15 ettins
  9 fire dragons
  A shambling mangrove (Swamp:3)
  4 deep elf high priests (Elf:3)
  An entropy weaver (shapeshifter) (D:15)
  18 yaktaur captains
  25 vault guards
  8 ice dragons
  An entropy weaver (Vaults:3)
  7 great orbs of eyes
  4 spriggan air magi
  A hell beast (Depths:2)
  14 hydras
  10 rakshasas
  2 peacekeepers
  A caustic shrike simulacrum (Depths:1)
  Erolcha (Orc:2)
  3 salamander tyrants
  2 catoblepae
  11 centaur warriors
  12 alligators
  A ghost crab (Swamp:3)
  3 jorogumos
  A death knight (Abyss:3)
  8 ironbound frosthearts
  3 ogre magi (Orc:2)
  7 two-headed ogres
  Erica (Orc:1)
  6 anacondas
  11 deep troll shamans
  The ghost of jasper the Grappler, a novice AtFi of Wu Jian (D:10)
  29 dancing weapons
  4 boulder beetles
  An anaconda (shapeshifter) (Depths:3)
  A demonic crawler (Zot:4)
  7 tengu warriors
  2 hell hogs (Depths:1)
  9 spriggan berserkers
  3 death yaks (Gauntlet)
  3 thrashing horrors
  7 deep troll earth magi
  2 vampire magi
  16 naga warriors
  An orc high priest (Elf:3)
  19 naga sharpshooters
  3 occultists
  4 sun demons
  8 shock serpents
  4 hell knights (Depths:1)
  6 skysharks
  Nergalle (Orc:2)
  A sixfirhy (Abyss:3)
  A soul eater (Depths:2)
  4 wretched stars
  25 deep elf knights
  A skyshark (shapeshifter) (Vaults:5)
  10 salamander mystics
  A storm dragon skeleton (Depths:1)
  7 iron trolls
  A mana viper (shapeshifter) (Vaults:5)
  A shadow wraith (Abyss:3)
  5 spriggan druids
  A death drake (Swamp:4)
  A spectral anaconda (Snake:2)
  2 spatial maelstroms
  9 swamp dragons
  2 sea snakes (Zot:2)
  5 naga ritualists (Snake:4)
  56 deep trolls
  3 goliath frogs
  7 bog bodies
  6 glowing orange brains
  A deep troll (shapeshifter) (Vaults:5)
  10 arcanists
  3 flayed ghosts
  7 mana vipers
  44 slime creatures
  20 ironbound convokers
  A shadow dragon zombie (Depths:1)
  18 deep elf archers
  34 deep elf zephyrmancers
  6 necromancers
  4 phantasmal warriors
  3 lindwurms (Vaults:4)
  7 orc knights
  26 deep elf pyromancers
  7 orc sorcerers
  38 starcursed masses
  25 salamanders
  4 manticores
  45 ugly things
  A shining eye (shapeshifter) (Vaults:5)
  3 wolf spiders (Zot:1)
  3 cyclopes
  A worldbinder (Gauntlet)
  A cyclops (shapeshifter) (Elf:3)
  2 will-o-the-wisps
  20 moths of wrath
  An elephant (shapeshifter) (D:14)
  27 elephants
  34 black mambas
  An apocalypse crab (Abyss:3)
  22 naga magi
  A spectral mana viper (Snake:2)
  15 vault sentinels
  A water nymph (shapeshifter) (Vaults:5)
  4 guardian serpents
  A rust devil (Abyss:3)
  3 kobold blastminers (Orc:1)
  2 unseen horrors
  14 large abominations
  3 orange demons
  17 cane toads
  A cane toad (shapeshifter) (Vaults:5)
  2 smoke demons
  A yaktaur (shapeshifter) (D:15)
  3 kobold demonologists
  25 yaktaurs
  3 freezing wraiths
  7 komodo dragons
  8 tengu conjurers
  2 spectral nagas (Snake:2)
  2 ancient zymes (Abyss:3)
  6 trolls
  A bloated husk (Swamp:1)
  A hellwing (Abyss:2)
  9 polar bears
  20 hornets
  Grinder (D:4)
  6 tyrant leeches
  5 raiju
  2 glass eyes (Depths:3)
  A snapping turtle (shapeshifter) (Elf:1)
  13 blink frogs
  A dream sheep (shapeshifter) (Depths:3)
  A raiju (shapeshifter) (D:15)
  2 spectral black mambas (Snake:2)
  A stone giant simulacrum (Depths:1)
  A vampire (Abyss:3)
  3 ynoxinuls (Abyss:3)
  A spriggan (shapeshifter) (Vaults:1)
  4 air elementals
  2 wyverns
  A wraith (D:10)
  5 shadows
  A basilisk (shapeshifter) (D:13)
  30 spriggans
  4 fire bats (Depths:3)
  2 fire elementals (Elf:1)
  5 water elementals
  48 yaks
  4 basilisks
  A neqoxec (Abyss:3)
  2 steam dragons
  15 vampire mosquitoes
  Menkaure (D:4)
  2 wargs (Orc:2)
  6 chaos spawn
  A redback (Vaults:3)
  A swamp worm (shapeshifter) (Depths:3)
  7 small abominations
  43 nagas
  20 swamp worms
  3 acid dragons
  A spatial vortex (Abyss:3)
  12 water moccasins
  4 swamp drakes
  A guardian serpent simulacrum (Snake:2)
  28 orc warriors
  15 ogres
  A black mamba simulacrum (Snake:2)
  14 laughing skulls
  4 black bears
  12 boggarts
  5 centaurs
  17 wolves (Lair:5)
  2 phantoms (D:4)
  2 weeping skulls (Abyss:3)
  3 kobold brigands
  24 bullfrogs
  5 earth elementals
  2 gnoll sergeants
  A tengu zombie (Depths:1)
  A wight (D:10)
  7 killer bees
  An electric eel (Lair:4)
  3 howler monkeys
  2 bombardier beetles
  A hound (D:4)
  3 jellies
  30 orc priests
  3 iron imps (Abyss:3)
  A sleepcap (D:5)
  Natasha (thrice) (D:3)
  3 iguanas
  51 orc wizards
  A mummy (D:5)
  8 gnolls
  5 adders
  2 naga simulacra
  3 shadow imps
  3 ufetubi (Abyss:3)
  A ribbon worm (D:3)
  2 dart slugs
  101 orcs
  10 endoplasms
  A giant cockroach (D:2)
  10 goblins
  17 hobgoblins
  7 jackals
  26 kobolds
  4 quokkas
  10 ball pythons
  4 bats
  4 frilled lizards
  A hobgoblin zombie (D:5)
  2 kobold zombies (D:5)
  An orc zombie (D:5)
  2 rats (D:2)
  3 aspiring fleshes
  4 starspawn tentacles
2224 creatures vanquished.

Vanquished Creatures (collateral kills)
  A deep elf annihilator (Vaults:5)
  A naga mage (Snake:4)
  2 slime creatures (Swamp:4)
  An orc (Orc:2)
5 creatures vanquished.

Vanquished Creatures (others)
  A deep elf sorcerer (Elf:3)
  An angel (D:10)
  A deep elf archer (Elf:1)
  An ugly thing (Swamp:4)
  2 slime creatures (Swamp:4)
  A naga mage (Snake:4)
  2 bloated husks
  A golden eye (Abyss:3)
  2 vampire mosquitoes (Swamp:3)
  A swamp worm (Swamp:3)
  An orc warrior (Orc:2)
  An orc priest (Orc:2)
  An orc (Orc:2)
  15 starspawn tentacles
31 creatures vanquished.

Grand Total: 2260 creatures vanquished

Notes
Turn   | Place    | Note
-------+----------+-------------------------------------------
     0 | D:1      | Khashishi the Vine Stalker Brigand began the quest for the
                  | Orb.
     0 | D:1      | Reached XP level 1. HP: 11/11 MP: 2/2
    66 | D:2      | Reached XP level 2. HP: 15/15 MP: 3/3
   211 | D:1      | Found Giegocs's Weapon Shop.
   272 | D:1      | Reached XP level 3. HP: 19/19 MP: 4/4
   765 | D:2      | Found a faded altar of an unknown god.
   851 | D:2      | Learned a level 2 spell: Blink
  1006 | D:3      | Noticed Natasha
  1203 | D:3      | Reached XP level 4. HP: 23/23 MP: 5/5
  1240 | D:3      | Reached XP level 5. HP: 27/28 MP: 2/6
  1332 | D:3      | Killed Natasha
  1446 | D:3      | Noticed Natasha
  1459 | D:3      | Killed Natasha
  1460 | D:3      | Reached XP level 6. HP: 33/33 MP: 5/7
  1498 | D:4      | Noticed Menkaure
  1533 | D:3      | Noticed Natasha
  1546 | D:3      | Killed Natasha
  1611 | D:3      | Reached skill level 1 in Dodging
  1790 | D:4      | Noticed Grinder
  1829 | D:4      | Killed Menkaure
  1830 | D:4      | Reached skill level 5 in Fighting
  1830 | D:4      | Reached skill level 1 in Armour
  1830 | D:4      | Reached skill level 5 in Stealth
  1830 | D:4      | Reached XP level 7. HP: 39/39 MP: 8/8
  1881 | D:5      | Entered Level 5 of the Dungeon
  1995 | D:4      | Found a staircase to the Ecumenical Temple.
  2013 | Temple   | Entered the Ecumenical Temple
  2029 | Temple   | Became a worshipper of Dithmenos the Shadowed
  2163 | D:4      | Killed Grinder
  2164 | D:4      | Reached skill level 1 in Long Blades
  2164 | D:4      | Gained mutation: You have razor-sharp teeth. [Vine Stalker
                  | growth]
  2164 | D:4      | Reached XP level 8. HP: 31/44 MP: 6/9
  2206 | D:4      | Found a runed translucent gate.
  2207 | D:4      | Found a runed translucent gate.
  2213 | D:4      | Found a runed translucent gate.
  2227 | D:4      | Noticed cforsyth's ghost (novice DjWr)
  2530 | D:1      | Bought a +1 falchion of electrocution for 174 gold pieces
  2631 | D:5      | Reached * piety under Dithmenos
  2741 | D:5      | Found a blossoming altar of Fedhas.
  2882 | D:6      | Found a hazy altar of Hepliaklqana.
  3228 | D:6      | Reached skill level 5 in Long Blades
  3228 | D:6      | Reached XP level 9. HP: 48/48 MP: 10/10
  3447 | D:6      | Found a burning altar of Makhleb.
  3590 | D:6      | Found a basalt altar of Yredelemnul.
  3673 | D:6      | You are sucked into a shaft and drop 3 floors!
  3676 | D:9      | Noticed a two-headed ogre
  3729 | D:9      | Found a stormy altar of Qazlal.
  3729 | D:9      | Noticed a troll
  3733 | D:9      | Killed a troll
  3739 | D:9      | Found a hide-covered altar of Uskayaw.
  3833 | D:9      | Reached ** piety under Dithmenos
  4518 | D:7      | Reached skill level 1 in Invocations
  4572 | D:7      | Reached skill level 10 in Stealth
  4610 | D:7      | Found a sparkling altar of Nemelex Xobeh.
  4671 | D:7      | Reached *** piety under Dithmenos
  4672 | D:7      | Reached XP level 10. HP: 51/53 MP: 8/12
  4773 | D:7      | Found an ornate altar of the Wu Jian Council.
  4935 | D:8      | Found a snail-covered altar of Cheibriados.
  5075 | D:8      | Identified the +4 ring mail of Loss {rF+}
  5207 | D:8      | Reached skill level 10 in Long Blades
  5717 | D:9      | Reached **** piety under Dithmenos
  5894 | D:9      | Killed an unseen horror
  5932 | D:9      | Killed a two-headed ogre
  5954 | D:10     | Entered Level 10 of the Dungeon
  5954 | D:10     | Found Likhlual's Book Boutique.
  5960 | D:10     | Identified the +10 rapier "Idajuope" {freeze, Will+ Str+4}
  6023 | D:11     | Noticed an elephant
  6078 | D:10     | Noticed a two-headed ogre
  6090 | D:10     | Found Qorchatith's General Store.
  6107 | D:10     | Noticed a two-headed ogre
  6117 | D:10     | Killed a two-headed ogre
  6118 | D:10     | Reached XP level 11. HP: 58/58 MP: 14/14
  6161 | D:10     | Found a shimmering altar of Xom.
  6175 | D:10     | Noticed a two-headed ogre
  6196 | D:10     | Killed a two-headed ogre
  6197 | D:10     | Reached skill level 5 in Dodging
  6213 | D:10     | Noticed an angel
  6216 | D:10     | Found a glowing silver altar of Zin.
  6236 | D:10     | Found a transporter.
  6241 | D:10     | Found a bloodstained altar of Trog.
  6241 | D:10     | Noticed a two-headed ogre
  6241 | D:10     | Noticed a moth of wrath
  6245 | D:10     | Noticed a two-headed ogre
  6245 | D:10     | Noticed jasper's ghost (novice AtFi)
  6245 | D:10     | Noticed a tengu warrior
  6246 | D:10     | Killed a two-headed ogre
  6248 | D:10     | Found a transporter.
  6249 | D:10     | Killed jasper's ghost
  6250 | D:10     | Killed a two-headed ogre
  6276 | D:10     | Killed an angel
  6324 | D:11     | Found Aso Inoch's Assorted Antiques.
  6328 | D:11     | Bought a scroll labelled DINWAU QE RYS for 35 gold pieces
  6328 | D:11     | Bought a ring of the Octopus King for 175 gold pieces
  6328 | D:11     | Found the ring of the Octopus King {HP+2 MP+9 AC+2 EV+2
                  | SH+2}
  6328 | D:11     | Found the ring of the Octopus King {HP+2 MP+9 AC+2 EV+2
                  | SH+2}
  6400 | D:10     | Noticed a centaur warrior
  6407 | D:10     | Killed a two-headed ogre
  6420 | D:10     | Killed a centaur warrior
  6637 | D:10     | Killed a moth of wrath
  6639 | D:10     | Killed a tengu warrior
  6792 | D:11     | Found a staircase to the Lair.
  6806 | Lair:1   | Entered Level 1 of the Lair of Beasts
  6807 | Lair:1   | Noticed a seven-headed hydra
  6814 | Lair:1   | Killed a seven-headed hydra
  6815 | Lair:1   | Reached XP level 12. HP: 65/65 MP: 15/15
  6838 | Lair:1   | Identified the +0 leather armour of the Moneychanger {rPois
                  | rC+ rN+ Int+4}
  6937 | Lair:1   | Found a shadowy altar of Dithmenos.
  7619 | Lair:2   | Found a staircase to the Snake Pit.
  7930 | Lair:3   | Found a staircase to the Swamp.
  8162 | Lair:3   | Reached skill level 10 in Fighting
  8300 | Lair:3   | Reached XP level 13. HP: 72/72 MP: 16/16
  8307 | Lair:3   | Reached skill level 5 in Armour
  8774 | Lair:4   | Reached ***** piety under Dithmenos
  8973 | Lair:4   | Found a staircase to the Slime Pits.
  9051 | Lair:5   | Entered Level 5 of the Lair of Beasts
  9267 | Lair:5   | Reached XP level 14. HP: 50/79 MP: 18/18
  9476 | Lair:5   | Reached skill level 5 in Throwing
  9568 | Lair:5   | Got an earthy gem with 1122 turns to spare
  9781 | Lair:5   | Reached skill level 5 in Invocations
  9800 | Lair:5   | Reached ****** piety under Dithmenos
 10408 | Lair:4   | Reached skill level 15 in Long Blades
 11141 | D:11     | Bought a shimmering triple sword for 525 gold pieces
 11141 | D:11     | Identified the +5 triple sword "Spiderbane" {flame, rElec
                  | rC++ Int-5 Stlth+} (You bought it in a shop on level 11 of
                  | the Dungeon)
 11285 | D:11     | Found Jius's General Store.
 11312 | D:11     | Bought a potion of degeneration for 12 gold pieces
 11312 | D:11     | Bought a scroll of teleportation for 36 gold pieces
 11591 | D:12     | Found a staircase to the Orcish Mines.
 11643 | Orc:1    | Entered Level 1 of the Orcish Mines
 11776 | Orc:1    | Found Imol's Magic Scroll Emporium.
 11834 | Orc:2    | Entered Level 2 of the Orcish Mines
 11882 | Orc:2    | Noticed Saint Roka
 11928 | Orc:2    | Killed Saint Roka
 11929 | Orc:2    | Reached XP level 15. HP: 73/84 MP: 20/20
 12238 | Orc:2    | Found a staircase to the Elven Halls.
 12305 | Orc:1    | Noticed Erica
 12325 | Orc:1    | Killed Erica
 12667 | Orc:2    | Found Hocvos's Book Emporium.
 12725 | Orc:2    | Found an ancient bone altar of Kikubaaqudgha.
 12725 | Orc:2    | Noticed Nergalle
 12760 | Orc:2    | Killed Nergalle
 12790 | Orc:2    | Noticed Erolcha
 12803 | Orc:2    | Found a radiant altar of Vehumet.
 12813 | Orc:2    | Killed Erolcha
 12846 | Orc:2    | Found Rygohoc's Antique Armour Emporium.
 12879 | Orc:2    | Found Lyetirig's Magic Scroll Emporium.
 12880 | Orc:2    | Found Teobill's Antique Weapon Shoppe.
 12906 | Orc:2    | Bought a scroll of noise for 12 gold pieces
 12929 | Orc:2    | Bought a pair of glowing gloves for 172 gold pieces
 12934 | Orc:2    | Bought a twisted ring mail for 207 gold pieces
 12934 | Orc:2    | Identified the +1 ring mail "Lofelime" {Fly rPois Dex+6
                  | Stlth-} (You bought it in a shop on level 2 of the Orcish
                  | Mines)
 12934 | Orc:2    | Bought a pitted robe for 131 gold pieces
 12934 | Orc:2    | Identified the +1 robe of Morality {^Contam rF- Str+3
                  | Int+6} (You bought it in a shop on level 2 of the Orcish
                  | Mines)
 13440 | D:12     | Found Fecaseekhlu's Antique Weapon Shop.
 13445 | D:12     | Bought a bloodstained falchion for 264 gold pieces
 13445 | D:12     | Identified the +3 falchion of Ydefogano {protect, Str+4
                  | Int+2 SInv} (You bought it in a shop on level 12 of the
                  | Dungeon)
 13503 | D:14     | Found a gate to the Vaults.
 13560 | D:15     | Entered Level 15 of the Dungeon
 13563 | D:15     | Found a staircase to the Depths.
 13708 | D:15     | Got a smoky gem with 1127 turns to spare
 13754 | D:15     | Found a gate leading to a gauntlet.
 13787 | Gauntlet | Entered a Gauntlet
 13787 | Gauntlet | Found a transporter.
 13790 | Gauntlet | Found a transporter.
 13792 | Gauntlet | Found a transporter.
 13802 | Gauntlet | Found a transporter.
 13803 | Gauntlet | Found a transporter.
 13813 | Gauntlet | Found a transporter.
 13829 | Gauntlet | Found a transporter.
 13833 | Gauntlet | Found a transporter.
 13852 | Gauntlet | Found a transporter.
 13857 | Gauntlet | Found a transporter.
 13878 | Gauntlet | Found a transporter.
 13878 | Gauntlet | Found a transporter.
 13898 | Gauntlet | Found a runed translucent door.
 13903 | Gauntlet | Found a runed translucent door.
 13905 | Gauntlet | Found a transporter.
 13907 | Gauntlet | Found a runed translucent door.
 13909 | Gauntlet | Found a transporter.
 14044 | Gauntlet | Identified the +0 hat of the Skies Above {rF+ Will+ Str+2}
 14086 | Gauntlet | Identified the amulet of Broken Luck {RegenMP +Blink Int-4
                  | Dex+5}
 14099 | Gauntlet | Identified the +5 chain mail of Privacy {Str+6}
 14099 | Gauntlet | Identified the +7 great sword of Dim Light {holy, Int+3}
 14099 | Gauntlet | Identified the +8 plate armour of Vehumet's Condemnation
                  | {rF+ rN+ Str-5 Int+2}
 14165 | D:15     | Upgraded the game from 0.32-a0-128-g77eb882913 to
                  | 0.32-a0-131-g9dbbe29261
 14272 | D:15     | Noticed Nessos
 14274 | D:15     | Killed Nessos
 14588 | D:14     | Reached XP level 16. HP: 88/88 MP: 23/23
 14707 | D:14     | Identified the +0 robe of Ciroepro {rC+ rCorr Int-4}
 14800 | D:14     | Reached skill level 15 in Stealth
 15591 | D:15     | Reached skill level 10 in Invocations
 16414 | D:12     | Identified a scroll of acquirement
 16414 | D:12     | Acquired 385 gold pieces
 16481 | D:10     | Bought a manual of Fighting for 1200 gold pieces
 16588 | Snake:1  | Entered Level 1 of the Snake Pit
 16794 | Snake:1  | Identified the serpent talisman "Cughian" {Slay+3 Stlth+}
 16794 | Snake:1  | Noticed Aizul
 16798 | Snake:1  | Killed Aizul
 17443 | Snake:4  | Entered Level 4 of the Snake Pit
 17561 | Snake:4  | Noticed a nagaraja
 17569 | Snake:4  | Killed a nagaraja
 17639 | Snake:4  | Noticed a nagaraja
 17646 | Snake:4  | Noticed a nagaraja
 17649 | Snake:4  | Reached XP level 17. HP: 59/87 MP: 25/25
 18371 | Snake:4  | Reached skill level 15 in Fighting
 18390 | Snake:4  | Got a jade gem with 653 turns to spare
 18405 | Snake:4  | Got a serpentine rune of Zot
 19213 | Snake:2  | Found a runed translucent gate.
 19213 | Snake:2  | Found a runed translucent gate.
 19213 | Snake:2  | Found a runed translucent gate.
 19214 | Snake:2  | Noticed Jeulolik's ghost (adept MiCK)
 19392 | Snake:2  | Killed Jeulolik's ghost
 19554 | Snake:2  | Found Antaaty's Antique Armour Shoppe.
 19624 | Snake:2  | Noticed Vashnia
 19633 | Snake:2  | Reached XP level 18. HP: 68/99 MP: 28/28
 19663 | Snake:2  | Killed Vashnia
 20222 | Swamp:1  | Entered Level 1 of the Swamp
 20592 | Swamp:3  | Found Qaichasch's Island Escapes.
 20621 | Swamp:3  | Bought a scroll of blinking for 97 gold pieces
 20621 | Swamp:3  | Bought a scroll of teleportation for 39 gold pieces
 20849 | Swamp:4  | Entered Level 4 of the Swamp
 21329 | Swamp:4  | Got a mossy gem with 732 turns to spare
 21331 | Swamp:4  | Got a decaying rune of Zot
 21337 | Swamp:4  | Noticed a tentacled monstrosity
 21348 | Swamp:4  | Killed a tentacled monstrosity
 21660 | Swamp:3  | Reached XP level 19. HP: 114/114 MP: 29/29
 22704 | Elf:1    | Entered Level 1 of the Elven Halls
 22787 | Elf:1    | Noticed Jorgrun
 22795 | Elf:1    | Killed Jorgrun
 23251 | Elf:3    | Entered Level 3 of the Elven Halls
 23402 | Elf:3    | Got Dispater's Atlas of Assistive Topomancy
 23601 | Elf:3    | Found a portal to a secret trove of treasure.
 23699 | Elf:3    | Found a radiant altar of Vehumet.
 23785 | Elf:3    | Paralysed by an air elemental for 1 turns
 23793 | Elf:3    | Identified the +9 spear "Mokeng" {spect, Stlth+}
 23849 | Elf:3    | Identified the +6 quarterstaff of Duvourib {freeze, rCorr}
 23849 | Elf:3    | Identified the +8 dagger of Annihilation {flame, rC+ Will+}
 23884 | Elf:3    | Reached XP level 20. HP: 111/119 MP: 30/30
 23902 | Elf:3    | Identified the +1 battleaxe "Muvucuri" {heavy, rElec rC-
                  | rN+}
 23902 | Elf:3    | Identified the ring "Xaostonyrph" {*Slow rPois AC+4 Int-3
                  | Dex+6}
 23925 | Elf:3    | Identified the +1 long sword of Dukeil {antimagic, rF+
                  | Stlth+}
 23931 | Elf:3    | Identified the +6 scale mail of Idealism {rPois Dex+3 SInv}
 23961 | Elf:3    | Identified the +2 sling "Iwoh" {drain, rF+}
 24078 | Elf:3    | Got a shimmering gem with 535 turns to spare
 24130 | Elf:3    | Identified the +10 plate armour of Responsibility {Dex+3}
 24131 | Elf:3    | Identified the +1 chain mail "Xaonor" {Harm Dex+3}
 24133 | Elf:3    | Identified the +1 hat "Izavvit" {rC+ MP+9 SInv}
 24526 | Elf:2    | Found a runed translucent gate.
 24527 | Elf:2    | Found a runed translucent gate.
 24527 | Elf:2    | Found a runed translucent gate.
 25141 | Elf:1    | Noticed Nikola
 25156 | Elf:1    | Killed Nikola
 25196 | Elf:1    | Found a runed translucent door.
 25197 | Elf:1    | Noticed grandjackal's ghost (adept DsGl)
 25205 | Elf:1    | Killed grandjackal's ghost
 25206 | Elf:1    | Identified the +9 flail of Eternal Night {antimagic, Will+}
 25403 | Elf:1    | Reached skill level 10 in Dodging
 25578 | Elf:1    | Identified the +0 chain mail "Osengat" {rN+}
 25920 | D:12     | Upgraded the game from 0.32-a0-131-g9dbbe29261 to
                  | 0.32-a0-132-g2d33c3cfaf
 25977 | Vaults:1 | Entered Level 1 of the Vaults
 26221 | Vaults:2 | Reached XP level 21. HP: 125/125 MP: 31/31
 26383 | Vaults:3 | Noticed Zenata
 26388 | Vaults:3 | Killed Zenata
 26420 | Vaults:2 | Found a staircase to the Crypt.
 26647 | Vaults:4 | Noticed Mennas
 26651 | Vaults:4 | Killed Mennas
 26813 | Vaults:4 | Found a flickering gateway to a bazaar.
 26829 | Bazaar   | Entered a bazaar
 26836 | Bazaar   | Found Zaec's General Store.
 26875 | Bazaar   | Found Waotwyaru's Antique Armour Emporium.
 26954 | Bazaar   | Found Lekhiw's Weapon Shoppe.
 26984 | Bazaar   | Found Kullucao's Weapon Emporium.
 27007 | Bazaar   | Found Yfosuzxea's Armour Shoppe.
 27341 | Vaults:4 | Reached skill level 1 in Translocations
 27569 | Vaults:5 | Entered Level 5 of the Vaults
 27576 | Vaults:5 | Reached skill level 1 in Spellcasting
 27788 | Vaults:5 | Got Atuot's Reference Book on Incandescence
 27827 | Vaults:5 | Noticed a golden dragon
 27832 | Vaults:5 | Killed a golden dragon
 27833 | Vaults:5 | Reached XP level 22. HP: 133/133 MP: 32/32
 27834 | Vaults:5 | Got a silver rune of Zot
 27838 | Vaults:5 | Identified the staff "Xyuxkud" {+Blink Str+3 Conj}
 27842 | Vaults:5 | Got a shining gem with 2233 turns to spare
 27846 | Vaults:5 | Learned a level 2 spell: Lesser Beckoning
 27866 | Vaults:5 | Identified the +5 war axe "Femapp" {elec, rC++ Dex+2}
 27896 | Vaults:5 | Identified the +9 short sword of the Riding Enemy {freeze,
                  | ^Fragile rF++ Int+2 Dex+3}
 27942 | Vaults:5 | Gained mutation: You are partially covered in iridescent
                  | scales. (AC +2) [a shining eye]
 28157 | Vaults:5 | Reached skill level 5 in Translocations
 28197 | Vaults:5 | Noticed a golden dragon
 28207 | Vaults:5 | Killed a golden dragon
 28242 | Vaults:5 | Identified the orb of Geomus {*Rage, Will+ Regen+ Dex+2}
 28802 | Vaults:5 | Found Ocwead's Weapon Boutique.
 28873 | Vaults:5 | Identified the +5 shortbow "Aqionabi" {elec, +Blink}
 29773 | Vaults:3 | Noticed Norris
 29783 | Vaults:3 | Killed Norris
 30350 | Vaults:2 | Reached XP level 23. HP: 140/140 MP: 33/33
 30730 | Vaults:2 | Found a runed translucent door.
 30768 | Vaults:2 | Got Sif Muna's Treatise on Quantum Sparks
 30772 | Vaults:2 | Got the Tractate on Distillation and Momentum
 31427 | Vaults:1 | Found a glowing golden altar of the Shining One.
 32202 | Depths:1 | Entered Level 1 of the Depths
 32404 | Depths:1 | Found a gateway to Hell.
 32408 | Depths:1 | Reached skill level 15 in Dodging
 32651 | Depths:1 | Noticed a caustic shrike
 32654 | Depths:1 | Killed a caustic shrike
 32827 | Depths:1 | Noticed a golden dragon
 32827 | Depths:1 | Noticed a juggernaut
 32832 | Depths:1 | Killed a juggernaut
 32833 | Depths:1 | Killed a golden dragon
 32876 | Depths:1 | Identified the +0 scale mail of Pan-Flutes {rC+}
 33215 | Depths:2 | Found an opulent altar of Gozag.
 33283 | Depths:2 | Found a one-way gate leading to the halls of Pandemonium.
 33388 | Depths:3 | Reached XP level 24. HP: 141/147 MP: 33/33
 33704 | Depths:3 | Found a one-way gate to the infinite horrors of the Abyss.
 33944 | Depths:2 | Identified the +8 quarterstaff of Xaj Tiw {flame, rElec
                  | SInv}
 33981 | Depths:3 | Found a shimmering altar of Xom.
 34083 | Depths:3 | Found a one-way gateway to a ziggurat.
 34181 | Depths:4 | Entered Level 4 of the Depths
 34254 | Depths:4 | Found a gate to the Realm of Zot.
 34272 | Depths:4 | Got a midnight gem with 1085 turns to spare
 34368 | Depths:4 | Upgraded the game from 0.32-a0-132-g2d33c3cfaf to
                  | 0.32-a0-136-gc02482bde3
 34582 | Depths:4 | Noticed a juggernaut
 34589 | Depths:4 | Killed a juggernaut
 34600 | Depths:4 | Found a corrupted altar of Lugonu.
 34888 | Depths:4 | Found a shimmering blue altar of Sif Muna.
 35140 | Depths:3 | Identified the +0 leather armour "Tawol" {rElec rN+ Int+5
                  | Slay-6}
 35327 | Depths:3 | Identified the +9 broad axe of Bodily Harmony {venom,
                  | Str+3}
 35341 | Depths:3 | Identified the ring "Ytyudyhi" {rPois rF+ Will+}
 35395 | Depths:3 | Reached XP level 25. HP: 154/154 MP: 33/33
 35835 | Depths:1 | Found a runed translucent gate.
 35836 | Depths:1 | Found a runed translucent gate.
 35836 | Depths:1 | Noticed Vojop's ghost (veteran DEHs)
 35837 | Depths:1 | Found a runed translucent gate.
 35902 | Depths:1 | Killed Vojop's ghost
 35964 | Depths:1 | Got the Opusculum on Noxious Injury
 36136 | Depths:3 | Voluntarily entered the Abyss.
 36167 | Abyss:2  | Found a corrupted altar of Lugonu.
 36211 | Abyss:2  | Found a corrupted altar of Lugonu.
 36352 | Depths:3 | Escaped the Abyss
 36354 | Depths:3 | Voluntarily entered the Abyss.
 36516 | Abyss:3  | Found a corrupted altar of Lugonu.
 36793 | Abyss:3  | Lost intelligence.
 36807 | Abyss:3  | Paralysed by accursed screaming for 1 turns
 36933 | Abyss:3  | Got an abyssal rune of Zot
 37010 | Abyss:3  | Noticed an ancient lich
 37014 | Abyss:3  | Killed an ancient lich
 37029 | Abyss:3  | Noticed a dread lich
 37090 | Abyss:3  | Found a corrupted altar of Lugonu.
 37093 | Depths:3 | Escaped the Abyss
 37102 | Depths:3 | Learned a level 4 spell: Manifold Assault
 37107 | Depths:3 | Learned a level 4 spell: Passage of Golubria
 37200 | Zot:1    | Entered Level 1 of the Realm of Zot
 37535 | Zot:3    | Noticed a Killer Klown
 37541 | Zot:3    | Killed a Killer Klown
 37542 | Zot:3    | Noticed a dread lich
 37549 | Zot:3    | Killed a dread lich
 37562 | Zot:3    | Noticed a Killer Klown
 37577 | Zot:3    | Killed a Killer Klown
 37579 | Zot:3    | Noticed a Killer Klown
 37598 | Zot:3    | Killed a Killer Klown
 37749 | Zot:4    | Reached XP level 26. HP: 157/157 MP: 33/33
 37770 | Zot:5    | Entered Level 5 of the Realm of Zot
 37879 | Zot:5    | Got a prismatic gem with 370 turns to spare
 38649 | Zot:4    | Identified the +5 morningstar "Goblin's Bane" {freeze, Fly
                  | rN+}
 39296 | Zot:1    | Found a runed translucent door.
 39296 | Zot:1    | Found a shimmering altar of Xom.
 39296 | Zot:1    | Noticed Eugor's ghost (master DECj)
 40038 | Zot:1    | Killed Eugor's ghost
 40799 | Zot:2    | Identified the +2 hand axe "Lisiuh" {elec, rPois Dex+3}
 41349 | Zot:5    | Noticed an orb of fire
 41349 | Zot:5    | Noticed a dread lich
 41349 | Zot:5    | Noticed an orb of fire
 41349 | Zot:5    | Noticed an orb of fire
 41349 | Zot:5    | Noticed a Killer Klown
 41349 | Zot:5    | Noticed a Killer Klown
 41349 | Zot:5    | Noticed a Killer Klown
 41353 | Zot:5    | Noticed a Killer Klown
 41354 | Zot:5    | Noticed a Killer Klown
 41374 | Zot:5    | Noticed a dread lich
 41374 | Zot:5    | Noticed a Killer Klown
 41374 | Zot:5    | Noticed an orb of fire
 41374 | Zot:5    | Noticed a Killer Klown
 41388 | Zot:5    | Noticed an orb of fire
 41390 | Zot:5    | Noticed an ancient lich
 41423 | Zot:5    | Killed a dread lich
 41434 | Zot:5    | Killed a Killer Klown
 41439 | Zot:5    | Killed a Killer Klown
 41445 | Zot:5    | Killed an ancient lich
 41446 | Zot:5    | Reached XP level 27. HP: 68/142 MP: 33/33
 41460 | Zot:5    | Noticed a dread lich
 41468 | Zot:5    | Killed an orb of fire
 41473 | Zot:5    | Noticed an ancient lich
 41474 | Zot:5    | Killed a dread lich
 41490 | Zot:5    | Killed an orb of fire
 41494 | Zot:5    | Killed an ancient lich
 41503 | Zot:5    | Killed an orb of fire
 41564 | Zot:5    | Gained mutation: You have large cloven feet. [an orb of
                  | fire]
 41567 | Zot:4    | Gained mutation: You occasionally lose the ability to read
                  | scrolls when taking damage. [an orb of fire]
 41572 | Zot:4    | Killed an orb of fire
 41594 | Zot:5    | Gained mutation: Your health recovers twice as slowly from
                  | being drained. [an orb of fire]
 41673 | Zot:5    | Gained mutation: Your muscles are strong. (Str +4, Int/Dex
                  | -1) [an orb of fire]
 41679 | Zot:5    | Killed an orb of fire
 41699 | Zot:5    | Killed a dread lich
 41895 | Zot:5    | Identified the +5 glaive "Arro" {elec, +Blink rF+}
 42466 | Zot:5    | Got the Orb of Zot
 42962 | D:$      | Escaped with the Orb!

Illustrated notes

Levels and vault maps discovered:
D:1:      minmay_arrival_loop, layout_basic, serial_shops, shop,
          minmay_tetromino_s2
D:2:      layout_loops_ring, ebering_ecumenical_altar_mist
D:3:      layout_rooms, minmay_goblin_outpost, uniq_natasha
D:4:      layout_rooms, temple_fountains, serial_glass, glass_columns_c,
          glass_columns_c, gammafunk_ghost_split, kennysheep_crisscross,
          minmay_manual_monstrance, uniq_menkaure, uniq_grinder
D:5:      layout_cave_pools, amcnicky_altar_gilded, amcnicky_mini_pool_small,
          minmay_mini_ossuary
D:6:      layout_layer_cave, mainiacjoe_overflow_small_starburst,
          mainiacjoe_overflow_catch_the_wave, grunt_decor_fettered
D:7:      layout_cave_pools, nicolae_wu_jian_wuxing_cycle,
          nemelex_dance_club_becter
D:8:      kennysheep_six_static_rooms, layout_rooms, kennysheep_slug_shrine,
          serial_library, serial_library_hellmonk_double_dead_end,
          serial_library_hellmonk_small_alcove, serial_library_hellmonk_room_b,
          serial_library_hellmonk_room_c,
          serial_library_regret_index_small_wings,
          serial_library_regret_index_branch_corner
D:9:      layout_gridville, jmf_multi_god_temple2, dk_noncrumbling_4,
          grunt_ministairs_8
D:10:     layout_big_octagon, grunt_temple_overflow_order_and_chaos_1,
          gammafunk_ghost_wrathful_warriors, serial_shops, shop, shop,
          minmay_fractal_squares_gapless_7
D:11:     layout_roguey, grunt_lair_entry_orc_guard_hut, serial_shops, shop,
          nicolae_shop_window_shopping
D:12:     layout_rooms, kennysheep_orc_monster_closet_entryway, serial_shops,
          kennysheep_little_box, chequers_serial_rivers_micro_a
D:13:     cheibrodos_orc_bank, layout_basic
D:14:     layout_basic, hellmonk_vaults_attempted_burglary, serial_bayou_ford_a
D:15:     gammafunk_enter_depths_forms, layout_rooms, gauntlet_entry_generic,
          uniq_nessos
Temple:   jpeg_temple_clearing
Lair:1:   layout_chaotic_city, basic_altar, lemuel_old_faithful
Lair:2:   layout_layer_cave, nicolae_snake_entry_squirm,
          infiniplex_staircase_pool_2
Lair:3:   layout_hall_layers, swamp_mist, serial_bayou_shore_a,
          grunt_megastairs_3
Lair:4:   dreamdust_cave_troll, layout_gridlike, slime_entry_1,
          chequers_serial_rivers_small_a, grunt_megastairs_5
Lair:5:   minmay_lair_end_enchanted_forest, layout_hall_layers
Swamp:1:  layout_basic_swamp, evilmike_swamp_ruin_house_1, swamp_pool_1_2,
          infiniplex_staircase_pool
Swamp:2:  layout_basic_swamp, evilmike_swamp_ruin_rubble_1
Swamp:3:  layout_basic_swamp, nicolae_swamp_fairy_circle, swamp_pool_4,
          nicolae_island_escapes
Swamp:4:  swamp_vile, layout_basic_swamp
Snake:1:  layout_gridlike, serial_bayou_shore_b, uniq_aizul
Snake:2:  layout_rooms, gammafunk_ghost_necromancy, serial_shops,
          nicolae_shop_crystal, lemuel_fruit_tree, uniq_vashnia
Snake:3:  layout_gridlike
Snake:4:  snake_pit, layout_gridlike, st_stairs_5, nicolae_snake_gridmaze_waves
Orc:1:    layout_caves, basic_altar, serial_shops, nicolae_square_shop,
          mines2_david, uniq_erica
Orc:2:    kennysheep_orc_mage_school, layout_caves, basic_altar, uniq_saint_roka
Elf:1:    eino_elf_arrival_customs, layout_gridlike, ebering_ghost_inner_flame,
          hangedman_corner_corridor, moated_statue, minivault_28, uniq_jorgrun,
          uniq_nikola
Elf:2:    nicolae_elf_blades_crystal_corner, layout_onion_city
Elf:3:    minmay_elf_hall_furrowed, layout_geoelf_diagonals, basic_altar,
          nicolae_trove_entry_free_sample
Vaults:1: nicolae_vaults_big_angled_halls, v_misc_28,
          nicolae_vaults_closet_pinwheel_5, lemuel_angel_altar,
          nicolae_vaults_double_plus_1, hangedman_vaults_pinch,
          nicolae_vaults_antechamber_and_loot_room,
          nicolae_vaults_border_crossing, nicolae_vaults_heart-shaped_vault,
          vaults_mumra_chevron, layout_vaults_omnigrid
Vaults:2: v_pattern_3, hangedman_vaults_corner, nicolae_vaults_mitosis,
          nicolae_vaults_sightless_eye, nicolae_vaults_trapezoid_lopsided_1,
          ontoclasm_vaults_twist, nicolae_vaults_wine_cellar, vaults_room_fours,
          vaults_room_octagon, nicolae_vaults_oozy_zoo, vaults_room_hallway,
          vaults_mumra_lcd, minmay_crypt_entry_simple_plaza,
          nicolae_vaults_trapezoid_2, nicolae_vaults_house_1,
          nicolae_vaults_theta, layout_vaults_omnicross
Vaults:3: nicolae_vaults_twisting_passages, nicolae_vaults_big_angled_halls,
          nicolae_vaults_network_square, ontoclasm_vaults_shuriken,
          vaults_room_fancy_cross, nicolae_vaults_security_offices_6,
          nicolae_vaults_more_shelving_2, v_misc_17,
          nicolae_vaults_big_angled_halls, nicolae_vaults_sealed_display,
          v_misc_11, nicolae_vaults_double_plus_1, layout_vaults_maze_snakey,
          uniq_zenata, uniq_norris
Vaults:4: vaults_room_corners, nicolae_vaults_storage_closets_2,
          hangedman_vaults_nails, nicolae_vaults_trapezoid_2,
          hangedman_vaults_slice, v_misc_3, nicolae_vaults_mini_display_case,
          nicolae_vaults_diagonal_hallway_7,
          nicolae_vaults_offset_grid_hallway_2, ontoclasm_vaults_hangar,
          nicolae_vaults_little_squares_6, v_misc_17, layout_vaults_ring,
          serial_shops, bzr_entry_water, uniq_mennas
Vaults:5
Depths:1: layout_cave_shapes, chequers_serial_rivers_small_3, grunt_hell_horde,
          hellmonk_ghost_time_enough, chequers_serial_rivers_room_a,
          nicolae_rejected_hall
Depths:2: kennysheep_spiral_hall, layout_honeycomb, hell_entry,
          lemuel_statue_altar, grunt_pan_entry_zigzag, hex_large, firewood_loft,
          minmay_staircase_statues_hall_small
Depths:3: nooodl_heptagram, layout_gridlike, enter_ziggurat_a, hell_entry,
          lemuel_tele_altar, abyss_entry
Depths:4: grunt_zot_entry_tricorne, layout_cave_pools, hell_entry,
          abyss_entry_flame_altar, hangedman_glass_teeth,
          hellmonk_sif_muna_bookshelves
Zot:1:    layout_basic, ebering_ghost_xom,
          regret_index_zotdec_silver_v_v_orig_slice
Zot:2:    layout_misc_corridors, bh_zot_levy_curve
Zot:3:    ebering_klown_carousel, layout_misc_corridors,
          regret_index_zot_stipple_split, regret_index_zotdec_gossamer_parallel
Zot:4:    layout_cathedral_of_symmetry, regret_index_zotdec_obsidian_hm
Zot:5:    layout_basic, skrybe_zot_glass_3

Skill      XL: |  1  2  3  4  5  6  7  8  9 10 11 12 13 14 15 16 17 18 19 20 21 22 23 24 25 26 27 |
---------------+----------------------------------------------------------------------------------+-----
Fighting       | 2 3 4 5 6 8 10 11 12 13 16 18 20 21 22 23 24 25 | 25.5
Short Blades   | 2 3 |  3.1
Throwing       | 2 3 4 5 |  5.0
Dodging        | 1 2 3 4 5 6 8 9 10 12 14 15 16 17 19 | 19.7
Armour         | 1 2 3 4 6 7 9 |  9.1
Stealth        | 5 6 7 10 11 13 14 15 16 17 18 | 18.0
Long Blades    | 1 5 8 12 13 14 15 16 17 18 19 21 22 23 24 25 | 25.2
Invocations    | 2 3 4 6 9 10 12 13 | 13.0
Translocations | 4 6 |  6.0
Spellcasting   | 2 3 |  3.0

Action                     |  1- 3 |  4- 6 |  7- 9 | 10-12 | 13-15 | 16-18 | 19-21 | 22-24 | 25-27 || total
---------------------------+-------+-------+-------+-------+-------+-------+-------+-------+-------++-------
  Melee: Dagger            |    67 |    24 |    29 |     6 |       |       |       |       |       ||   126
         Bite              |     8 |    16 |    57 |    98 |   444 |   404 |   299 |   449 |   577 ||  2352
         Punch             |     3 |     3 |     9 |    25 |   134 |    23 |     1 |     2 |     8 ||   208
         Whip              |       |    60 |    54 |       |       |       |       |       |       ||   114
         Falchion          |       |       |   134 |   108 |     3 |       |       |       |       ||   245
         Rapier            |       |       |       |   215 |   969 |   158 |    17 |    89 |    51 ||  1499
         Triple sword      |       |       |       |       |    76 |   731 |   793 |   887 |   958 ||  3445
         Great sword       |       |       |       |       |     4 |    43 |       |       |   141 ||   188
  Throw: Dart              |    24 |    39 |    51 |    46 |    79 |    14 |     4 |    13 |     8 ||   278
         Boomerang         |       |     1 |     1 |     2 |     8 |       |       |       |       ||    12
         Throwing net      |       |       |       |     2 |       |     1 |       |       |       ||     3
         Javelin           |       |       |       |       |       |     1 |       |       |       ||     1
   Cast: Lesser Beckoning  |       |       |       |       |       |       |       |     6 |    13 ||    19
         Blink             |       |       |       |       |       |       |       |     2 |     2 ||     4
 Invoke: Shadow Step       |       |       |       |     5 |     3 |     1 |     1 |     3 |     3 ||    16
         Shadow Form       |       |       |       |       |     1 |     4 |     1 |       |     2 ||     8
  Evoke: Wand              |       |       |     4 |    13 |    18 |    37 |    15 |     7 |     2 ||    96
         Phial of floods   |       |       |       |       |     1 |     2 |     3 |       |       ||     6
         Lightning rod     |       |       |       |       |       |    14 |     9 |     2 |     4 ||    29
         Phantom mirror    |       |       |       |       |       |     4 |     1 |     1 |       ||     6
         Box of beasts     |       |       |       |       |       |       |     1 |       |       ||     1
         Condenser vane    |       |       |       |       |       |       |       |       |     1 ||     1
    Use: Scroll            |       |     1 |    16 |    12 |    11 |     7 |     6 |     1 |    16 ||    70
         Potion            |       |       |       |       |     4 |    12 |    17 |     2 |    11 ||    46
   Stab: Sleeping          |    14 |     7 |    18 |    28 |    46 |    47 |    75 |    93 |    38 ||   366
         Distracted        |     1 |       |     1 |     1 |     6 |    12 |     7 |    14 |    12 ||    54
         Held in net/web   |       |       |       |     1 |       |     1 |       |       |       ||     2
         Invisible         |       |       |       |       |    16 |    34 |    17 |       |    23 ||    90
 Armour: Robe              |     8 |       |       |       |       |       |   196 |   314 |   446 ||   964
         Leather armour    |    26 |    38 |   111 |    10 |       |       |       |       |       ||   185
         Ring mail         |       |       |       |   186 |   489 |       |       |       |       ||   675
         Chain mail        |       |       |       |       |     1 |   633 |   186 |       |       ||   820
  Dodge: Dodged            |    47 |    34 |   119 |   189 |   820 |   650 |   441 |   891 |  1096 ||  4287
  Block: Other             |       |       |       |     6 |    60 |    41 |    24 |    42 |    44 ||   217

Table legend: (Time is in decaauts)
 A = Elapsed time spent in this place.
 B = Non-inter-level travel time spent in this place.
 C = Inter-level travel time spent in this place.
 D = Time resting spent in this place.
 E = Time spent auto-exploring this place.
 F = Levels seen in this place.
 G = Mean time per level.
                   A        B        C        D        E       F      G
               +--------+--------+--------+--------+--------+-----+--------+
         Total |  41280 |  38269 |   3011 |    373 |   8917 |  54 |  764.4 |
       Dungeon |  10860 |   9803 |   1057 |     16 |   1045 |  15 |  724.0 |
        Temple |     32 |     17 |     15 |      0 |      0 |   1 |   32.0 |
          Lair |   4309 |   3964 |    345 |      0 |   1035 |   5 |  861.8 |
         Swamp |   2242 |   2161 |     81 |     14 |    784 |   4 |  560.5 |
     Snake Pit |   3428 |   3331 |     97 |     64 |    927 |   4 |  857.0 |
  Orcish Mines |   1324 |   1165 |    159 |      0 |    467 |   2 |  662.0 |
   Elven Halls |   3039 |   2882 |    157 |      0 |    870 |   3 | 1013.0 |
        Vaults |   5564 |   5279 |    285 |      3 |   1974 |   5 | 1112.8 |
        Depths |   3950 |   3483 |    467 |     22 |    486 |   4 |  987.5 |
           Zot |   5065 |   4718 |    347 |    189 |   1155 |   5 | 1013.0 |
         Abyss |    875 |    875 |      0 |     64 |      0 |   4 |  218.8 |
        Bazaar |    212 |    212 |      0 |      0 |    171 |   1 |  212.0 |
      Gauntlet |    374 |    374 |      0 |      0 |      0 |   1 |  374.0 |
               +--------+--------+--------+--------+--------+-----+--------+

Top non-repeatable levels by time:
   Zot:1: 1250 daAuts
   Zot:5: 1224 daAuts
Depths:3: 1215 daAuts
Vaults:1: 1198 daAuts
 Snake:4: 1183 daAuts
    D:14: 1161 daAuts
  Lair:2: 1114 daAuts
Depths:1: 1113 daAuts
Vaults:4: 1112 daAuts
Vaults:5: 1104 daAuts
Vaults:2: 1092 daAuts
   Elf:3: 1076 daAuts
Vaults:3: 1056 daAuts
   Elf:1: 1052 daAuts
 Snake:3: 969 daAuts
